 Dungeon Crawl Stone Soup version 0.31-a0-234-gad7ace16ef (webtiles) character file.

Game seed: 14571263355242026647

247 Nattfarinn the Stinger (level 6, 0/32 HPs)
             Began as a Gargoyle Venom Mage on July 10, 2023.
             Slain by Edmund
             ... wielding a +1 antimagic flail
              (5 damage)
             ... on level 3 of the Dungeon.
             The game lasted 00:06:56 (3910 turns).

Nattfarinn the Stinger (Gargoyle Venom Mage)        Turns: 3910, Time: 00:06:57

Health: 0/32       AC:  6    Str:  9 (11) XL:     6   Next: 11%
Magic:  11/11      EV: 11    Int: 15 (18) God:
Gold:   179        SH:  0    Dex:  7 (10) Spells: 7/12 levels left

rFire   . . .        h - +0 short sword
rCold   . . .        (no shield)
rNeg    + . .        a - +0 robe
rPois   ∞            (no helmet)
rElec   +            (no cloak)
rCorr   .            (no gloves)
SInv    .            (no boots)
Will    .....        (no amulet)
Stlth   ++           (no ring)
HPRegen 0.25/turn    (no ring)
MPRegen 0.12/turn

%: no passive effects
@: no status effects
A: sickness immunity, AC +4, negative energy resistance 1, electricity
resistance, torment resistance 1, petrification resistance
a: no special abilities


You were on level 3 of the Dungeon.
You visited 1 branch of the dungeon, and saw 4 of its levels.

You collected 179 gold pieces.

Inventory:

Hand Weapons
 h - a +0 short sword (weapon)
Armour
 a - a +0 robe (worn)
 e - a +0 leather armour
Wands
 n - a wand of iceblast (23)
Scrolls
 i - 3 scrolls of enchant weapon
 j - 3 scrolls of identify


   Skills:
 - Level 1.5 Dodging
 - Level 2.1 Stealth
 + Level 3.6 Spellcasting
 - Level 0.7 Transmutations
 * Level 5.7 Poison Magic


You had 7 spell levels left.
You knew the following spells:

 Your Spells              Type           Power      Damage    Failure   Level
a - Sting                 Tmut/Pois      48%        1d5       4%          1
b - Olgreb's Toxic Radia  Pois           19%        N/A       19%         4

Your spell library contained the following spells:

 Spells                   Type           Power      Damage    Failure   Level
 Poisonous Vapours        Pois/Air       22%        N/A       9%          2
 Mephitic Cloud           Conj/Pois/Air  8%         N/A       26%         3
 Conjure Ball Lightning   Conj/Air       1%         3x3d6     100%        6
 Discord                  Hex            1%         N/A       100%        8
 Disjunction              Tloc           1%         N/A       100%        8


Dungeon Overview and Level Annotations

Branches:
Dungeon (4/15)
 Temple: D:4-7

Altars:

Annotations:
D:2 1 runed translucent door, Crazy Yiuf
D:3 Edmund


Innate Abilities, Weirdness & Mutations

You are immune to sickness and miasma.
Your stone body is resilient. (AC +4)
You are immune to poison.
You resist negative energy. (rN+)
You are resistant to electric shocks. (rElec)
You are resistant to unholy torment.
You are immune to petrification.


Message History

You can't see any susceptible monsters within range! (Use Z to cast anyway.)
You can't see any susceptible monsters within range! (Use Z to cast anyway.)
An endoplasm comes into view.
An endoplasm is nearby!
An endoplasm is nearby!
An endoplasm is nearby!
Edmund the Younger comes into view.
He is wielding a +1 antimagic flail.
Items here: )) [ ††.
You closely miss Edmund.
Edmund shouts!
Edmund hits you with a +1 antimagic flail.
You feel your power leaking away.
You hit Edmund but do no damage. Edmund hits you but does no damage.
You hit Edmund but do no damage.
Edmund hits you with a +1 antimagic flail.
The sting hits Edmund but does no damage.
Edmund is poisoned.
A jackal comes into view.
Edmund hits you with a +1 antimagic flail.
You feel your power leaking away.
The sting hits Edmund but does no damage.
Edmund looks even sicker.
Edmund hits you with a +1 antimagic flail.
You are out of magic!
Things that are here:
a +0 flail; a smoky orange potion; an orc corpse
Found a scroll labelled LUNUETOLUSS.
There is a stone staircase leading up here.
Edmund hits you with a +1 antimagic flail.
You climb upwards.
There is a stone staircase leading down here.
It was a potion of degeneration.
There was something very wrong with that liquid.
You feel weakened.
You feel dopey.
You feel clumsy.
Edmund hits you with a +1 antimagic flail!
* * * LOW HITPOINT WARNING * * *
You feel your power leaking away. Magic courses through your body.
Edmund hits you with a +1 antimagic flail.
You die...

#.###........)...###....
#.# #...####......##.###
#.###.#.# #......##.#
#.....#.# #......##.#
##.##.#.#####.....##.#
#.##.#....##.....##.#
#.##.#.##...........#
#.##.#@##..###..###.###
#.##.#@##..# #..###....
#.##.#.##..# #....>....
#.##.#.##..####.##.....
#.##................##.
#.########.############
#.########.# #
#......)...#
############


You could see Edmund (very poisoned).

Vanquished Creatures
  A howler monkey (D:4)
  A hound (D:2)
  Ijyb (D:3)
  3 gnolls (D:3)
  3 adders
  4 dart slugs
  5 orcs
  5 ball pythons
  5 bats
  9 endoplasms
  2 giant cockroaches (D:1)
  9 hobgoblins
  2 jackals (D:3)
  2 quokkas
  4 frilled lizards
  7 goblins
  10 kobolds
  4 rats
77 creatures vanquished.

Notes
Turn   | Place    | Note
-------+----------+-------------------------------------------
     0 | D:1      | Nattfarinn the Gargoyle Venom Mage began the quest for the
                  | Orb.
     0 | D:1      | Reached XP level 1. HP: 10/10 MP: 3/3
   176 | D:1      | Reached XP level 2. HP: 14/15 MP: 0/5
   634 | D:1      | Reached XP level 3. HP: 19/19 MP: 1/6
  1015 | D:1      | Reached skill level 4 in Poison Magic
  1346 | D:2      | Reached XP level 4. HP: 24/24 MP: 3/8
  1446 | D:2      | Learned a level 4 spell: Olgreb's Toxic Radiance
  1703 | D:2      | Identified the +9 sling of Riawusch {flame, rC+ Str+2
                  | Dex+3}
  2304 | D:2      | Reached XP level 5. HP: 28/28 MP: 7/9
  2344 | D:2      | Found a runed translucent door.
  2345 | D:2      | Noticed Crazy Yiuf
  2759 | D:3      | Noticed Ijyb
  2962 | D:3      | Killed Ijyb
  2963 | D:3      | Reached skill level 5 in Poison Magic
  3890 | D:4      | Reached XP level 6. HP: 23/32 MP: 5/11
  3898 | D:4      | Noticed Edmund
  3910 | D:3      | Slain by Edmund

Illustrated notes

Levels and vault maps discovered:
D:1:      amcnicky_arrival_choice, layout_rooms, roderic_lattice_a,
          minmay_crystal_room, dk_noncrumbling_3
D:2:      layout_loops_cross, patterned_corridor, uniq_crazy_yiuf_cottage
D:3:      layout_loops_ring, uniq_ijyb
D:4:      layout_basic, kennysheep_minor_cross, minmay_manual_mullet,
          uniq_edmund

Skill      XL: |  1  2  3  4  5 |
---------------+----------------+-----
Poison Magic   | 4 5 |  5.7
Spellcasting   | 3 |  3.6
Dodging        | |  1.5
Stealth        | |  2.1
Transmutations | |  0.7

Action                     |  1- 3 |  4- 6 || total
---------------------------+-------+-------++-------
  Melee: Unarmed           |    26 |       ||    26
         Short sword       |    79 |    24 ||   103
         Punch             |     2 |       ||     2
   Cast: Sting             |    54 |   114 ||   168
         Olgreb's Toxic Ra |       |     1 ||     1
    Use: Scroll            |       |     5 ||     5
         Potion            |       |     5 ||     5
   Stab: Sleeping          |     1 |       ||     1
 Armour: Robe              |    83 |    32 ||   115
  Dodge: Dodged            |   117 |    41 ||   158

Table legend: (Time is in decaauts)
 A = Elapsed time spent in this place.
 B = Non-inter-level travel time spent in this place.
 C = Inter-level travel time spent in this place.
 D = Time resting spent in this place.
 E = Time spent auto-exploring this place.
 F = Levels seen in this place.
 G = Mean time per level.
                   A        B        C        D        E       F      G
               +--------+--------+--------+--------+--------+-----+--------+
         Total |   3893 |   3808 |     85 |    209 |   2974 |   4 |  973.2 |
       Dungeon |   3893 |   3808 |     85 |    209 |   2974 |   4 |  973.2 |
               +--------+--------+--------+--------+--------+-----+--------+

Top non-repeatable levels by time:
     D:2: 1368 daAuts
     D:1: 1328 daAuts
     D:3: 1020 daAuts
     D:4: 176 daAuts
